 Dungeon Crawl Stone Soup version 0.27.1-4-g1640c2035a (webtiles) character file.

Game seed: 8672232729897401038

5571 zeram the Covert (level 10, -3/74 HPs)
             Began as a Gnoll Enchanter on Nov 16, 2021.
             Was a Follower of Dithmenos.
             Blown up by a cacodemon (20 damage)
             ... with a bolt of energy
             ... on level 1 of the Abyss.
             The game lasted 00:17:13 (8898 turns).

zeram the Covert (Gnoll Enchanter)                  Turns: 8898, Time: 00:17:14

Health: -3/74      AC: 10    Str:  8    XL:     10   Next: 72%
Magic:  21/21      EV: 14    Int: 18    God:    Dithmenos [*.....]
Gold:   319        SH:  0    Dex: 12    Spells: 18/24 levels left

rFire    . . .     SeeInvis .   h - +1 dagger (elec)
rCold    . . .     Faith    .   (no shield)
rNeg     . . .     Spirit   .   b - +1 robe
rPois    .         Reflect  .   (no helmet)
rElec    .         Harm     .   o - scarf {repulsion}
rCorr    .         Rampage  .   (no gloves)
Will     .....                  k - +2 pair of boots
Stlth    ++++......             f - amulet of magic regeneration
HPRegen  0.22/turn              m - +4 ring of slaying
MPRegen  0.42/turn              d - +4 ring of protection

@: unable to read, wreathed by umbra, repel missiles
A: fangs 1, strong nose, distributed training, wild magic 1, inability to read
while threatened
a: Renounce Religion


You were on level 1 of the Abyss.
You worshipped Dithmenos.
Dithmenos was aware of your devotion.
You visited 2 branches of the dungeon, and saw 10 of its levels.
You visited the Abyss 1 time.

You collected 319 gold pieces.

Inventory:

Hand Weapons
 a - a +1 dagger
 h - a +1 dagger of electrocution (weapon)
Armour
 b - a +1 robe (worn)
 i - a scarf of resistance
 k - a +2 pair of boots (worn)
 o - a scarf of repulsion (worn)
Jewellery
 d - a +4 ring of protection (right hand)
 f - an amulet of magic regeneration (around neck)
 m - a +4 ring of slaying (left hand)
Wands
 j - a wand of iceblast (13)
Scrolls
 n - 2 scrolls of amnesia
 q - 6 scrolls of teleportation
 s - a scroll of identify
 u - a scroll of brand weapon
Potions
 c - a potion of flight
 e - 3 potions of curing
 g - a potion of heal wounds
 l - 2 potions of attraction
 p - 5 potions of haste
 r - 2 potions of might


   Skills:
 + Level 5.5 Fighting
 + Level 6.2 Short Blades
 + Level 5.5 Long Blades
 + Level 5.5 Axes
 + Level 5.5 Maces & Flails
 + Level 5.5 Polearms
 + Level 5.5 Staves
 + Level 5.5 Slings
 + Level 5.5 Bows
 + Level 5.5 Crossbows
 + Level 5.5 Throwing
 + Level 5.5 Armour
 + Level 7.3 Dodging
 + Level 8.2 Stealth
 + Level 5.5 Shields
 + Level 5.5 Unarmed Combat
 + Level 7.5 Spellcasting
 + Level 4.5 Conjurations
 + Level 7.2 Hexes
 + Level 4.5 Summonings
 + Level 4.5 Necromancy
 + Level 4.5 Translocations
 + Level 4.5 Transmutations
 + Level 4.5 Fire Magic
 + Level 4.5 Ice Magic
 + Level 4.5 Air Magic
 + Level 4.5 Earth Magic
 + Level 4.5 Poison Magic
 + Level 6.1 Invocations
 + Level 5.5 Evocations


You had 18 spell levels left.
You knew the following spells:

 Your Spells              Type           Power      Damage    Failure   Level
a - Corona                Hex            46%        N/A       1%          1
b - Ensorcelled Hibernat  Hex/Ice        72%        N/A       2%          2
c - Tukima's Dance        Hex            42%        N/A       3%          3

Your spell library contained the following spells:

 Spells                   Type           Power      Damage    Failure   Level
 Confusing Touch          Hex            42%        N/A       3%          3
 Dazzling Flash           Conj/Hex       72%        N/A       4%          3
 Summon Guardian Golem    Hex/Summ       36%        N/A       4%          3
 Gell's Gravitas          Tloc           15%        N/A       8%          3
 Teleport Other           Tloc           30%        N/A       8%          3
 Dispersal                Tloc           15%        N/A       96%         6
 Orb of Destruction       Conj           15%        9d7       100%        7
 Spellforged Servitor     Conj/Summ      15%        N/A       100%        7


Dungeon Overview and Level Annotations

Branches:
Dungeon (10/15)            Temple (1/1) D:6
   Lair: D:8-11         Orc: D:9-12

Altars:
Ashenzari
Cheibriados
Dithmenos
Elyvilon
Fedhas
Gozag
Hepliaklqana
Kikubaaqudgha
Makhleb
Nemelex Xobeh
Okawaru
Qazlal
Ru
Sif Muna
Trog
Uskayaw
Vehumet
Wu Jian
Xom
Yredelemnul
Zin
The Shining One

Shops:
D:1 =   D:7 [   D:10 !

Annotations:
D:4 1 runed translucent door, Stomo444's ghost, novice DrMo
D:10 Erolcha


Innate Abilities, Weirdness & Mutations

You have very sharp teeth.
Your uncanny sense of smell can sniff out nearby items.
Your experience applies equally to all skills.
Your spells are a little harder to cast, but a little more powerful.
You sometimes lose the ability to read scrolls when taking damage.


Message History

The air twists around and strikes you!!
Found 15 arrows.
A raiju comes into view.
A small abomination comes into view.
A cacodemon comes into view.
You see here 22 gold pieces.
An ice dragon zombie comes into view.
The cacodemon shouts!
The blizzard demon gestures at you.
The freezing blast is repelled.
The cacodemon gestures at you.
Strange energies course through your body.
You lose the ability to read scrolls when threatened.
You are engulfed in freezing vapours.
You feel threatened and lose the ability to read scrolls!
The blizzard demon gestures at you. The bolt of cold hits you!!
* * * LOW HITPOINT WARNING * * *
You feel much better.
You are engulfed in freezing vapours.
* * * LOW HITPOINT WARNING * * *
There are no items here.
You feel much better.
The blizzard demon is engulfed in freezing vapours.
A hellion comes into view.
The cacodemon is engulfed in freezing vapours.
The cacodemon gestures at you.
Strange energies course through your body.
You feel less in control of your magic.
The blizzard demon is engulfed in freezing vapours.
The cacodemon is engulfed in freezing vapours.
The shadow slips into darkness.
The shadow flickers and vanishes!
Deactivating autopickup; reactivate with Ctrl-A.
The blizzard demon gestures at you. The bolt of lightning hits you!
* * * LOW HITPOINT WARNING * * *
The bolt of lightning misses you. The cacodemon gestures at you.
The bolt of energy hits you!!
You die...

#### ##..# ### ##
###...###..###
#..#.@#.##......
#..................
#...................
#....2........... ...
#...##...2..##. ....
#...##......##.ยง...
#
#.........Z..........
#.....2..............
####.#......#..##.###


You could see a cacodemon, a blizzard demon, a hellion (wandering) and a
five-headed hydra zombie.

Vanquished Creatures
  A two-headed ogre (D:10)
  4 centaur zombies
  Prince Ribbit (D:5)
  4 yaks (D:8)
  A steam dragon (D:8)
  An ice beast (D:6)
  2 orc warriors (D:8)
  A necrophage (D:5)
  4 ogres
  2 centaurs
  A phantom (D:5)
  A kobold brigand (D:9)
  4 bullfrogs
  A gnoll sergeant (D:5)
  A water moccasin zombie (D:7)
  2 scorpions
  23 killer bees
  6 wights
  A howler monkey (D:8)
  4 jellies
  A centaur skeleton (D:5)
  3 orc priests
  A gnoll shaman (D:5)
  3 bullfrog skeletons
  6 iguanas
  A scorpion zombie (D:5)
  4 orc wizards
  A killer bee zombie (D:9)
  A hound skeleton (D:4)
  A howler monkey zombie (D:9)
  2 adders
  6 gnolls (D:5)
  2 shadow imps
  A white imp (D:6)
  2 worms (D:4)
  A dart slug (D:1)
  18 orcs
  5 endoplasms
  3 goblins
  4 hobgoblins
  3 quokkas
  5 ball pythons
  2 bats (D:1)
  10 kobolds
  A rat (D:1)
152 creatures vanquished.

Vanquished Creatures (others)
  A plant (D:5)
1 creature vanquished.

Grand Total: 153 creatures vanquished

Notes
Turn   | Place    | Note
-------+----------+-------------------------------------------
     0 | D:1      | zeram the Gnoll Enchanter began the quest for the Orb.
     0 | D:1      | Reached XP level 1. HP: 13/13 MP: 6/6
   609 | D:1      | Found Faomos's Jewellery Shop.
   698 | D:1      | Reached XP level 2. HP: 18/19 MP: 7/7
  1168 | D:1      | Learned a level 2 spell: Ensorcelled Hibernation
  1876 | D:2      | Reached XP level 3. HP: 18/25 MP: 9/9
  2035 | D:2      | You fall into a shaft and drop 2 floors!
  2118 | D:4      | Reached skill level 5 in Spellcasting
  2435 | D:4      | Reached skill level 6 in Stealth
  2513 | D:4      | Reached skill level 1 in Invocations
  2552 | D:4      | Learned a level 3 spell: Tukima's Dance
  2579 | D:4      | Reached skill level 1 in Fighting
  2579 | D:4      | Reached skill level 1 in Long Blades
  2579 | D:4      | Reached skill level 1 in Axes
  2579 | D:4      | Reached skill level 1 in Maces & Flails
  2579 | D:4      | Reached skill level 1 in Polearms
  2579 | D:4      | Reached skill level 1 in Staves
  2579 | D:4      | Reached skill level 1 in Slings
  2579 | D:4      | Reached skill level 1 in Bows
  2579 | D:4      | Reached skill level 1 in Crossbows
  2579 | D:4      | Reached skill level 1 in Throwing
  2579 | D:4      | Reached skill level 1 in Armour
  2579 | D:4      | Reached skill level 1 in Shields
  2579 | D:4      | Reached skill level 1 in Unarmed Combat
  2579 | D:4      | Reached skill level 1 in Evocations
  2579 | D:4      | Reached XP level 4. HP: 21/32 MP: 11/11
  3132 | D:4      | Found a runed translucent door.
  3133 | D:4      | Noticed Stomo444's ghost (novice DrMo)
  3344 | D:5      | Entered Level 5 of the Dungeon
  3344 | D:5      | Noticed a phantom
  3561 | D:5      | Killed a phantom
  3562 | D:5      | Reached skill level 1 in Conjurations
  3562 | D:5      | Reached skill level 1 in Summonings
  3562 | D:5      | Reached skill level 1 in Necromancy
  3562 | D:5      | Reached skill level 1 in Translocations
  3562 | D:5      | Reached skill level 1 in Transmutations
  3562 | D:5      | Reached skill level 1 in Fire Magic
  3562 | D:5      | Reached skill level 1 in Ice Magic
  3562 | D:5      | Reached skill level 1 in Air Magic
  3562 | D:5      | Reached skill level 1 in Earth Magic
  3562 | D:5      | Reached skill level 1 in Poison Magic
  3562 | D:5      | Reached XP level 5. HP: 23/37 MP: 12/12
  3865 | D:5      | Reached XP level 6. HP: 30/44 MP: 6/13
  4126 | D:5      | Reached skill level 5 in Dodging
  4126 | D:5      | Reached XP level 7. HP: 46/51 MP: 15/15
  4550 | D:5      | Noticed Prince Ribbit
  4552 | D:5      | Reached XP level 8. HP: 57/57 MP: 16/16
  4564 | D:5      | Killed Prince Ribbit
  4999 | D:6      | Reached skill level 7 in Stealth
  5330 | D:6      | Reached XP level 9. HP: 65/65 MP: 18/18
  5332 | D:6      | Found a sparkling altar of Nemelex Xobeh.
  5533 | D:6      | Found a staircase to the Ecumenical Temple.
  5544 | Temple   | Entered the Ecumenical Temple
  5702 | Temple   | Became a worshipper of Dithmenos the Shadowed
  6149 | D:7      | Reached skill level 5 in Short Blades
  6367 | D:7      | Found Etenk's Armour Boutique.
  6978 | D:8      | Reached skill level 5 in Invocations
  7376 | D:8      | Reached XP level 10. HP: 73/73 MP: 17/20
  7382 | D:8      | Reached skill level 5 in Fighting
  7382 | D:8      | Reached skill level 5 in Long Blades
  7382 | D:8      | Reached skill level 5 in Axes
  7382 | D:8      | Reached skill level 5 in Maces & Flails
  7382 | D:8      | Reached skill level 5 in Polearms
  7382 | D:8      | Reached skill level 5 in Staves
  7382 | D:8      | Reached skill level 5 in Slings
  7382 | D:8      | Reached skill level 5 in Bows
  7382 | D:8      | Reached skill level 5 in Crossbows
  7382 | D:8      | Reached skill level 5 in Throwing
  7382 | D:8      | Reached skill level 5 in Armour
  7382 | D:8      | Reached skill level 5 in Shields
  7382 | D:8      | Reached skill level 5 in Unarmed Combat
  7382 | D:8      | Reached skill level 5 in Evocations
  7904 | D:9      | Reached * piety under Dithmenos
  7905 | D:9      | Reached skill level 8 in Stealth
  8698 | D:10     | Entered Level 10 of the Dungeon
  8698 | D:10     | Noticed a two-headed ogre
  8698 | D:10     | Found Takaniqe's Distillery.
  8706 | D:10     | Killed a two-headed ogre
  8828 | D:10     | Noticed Erolcha
  8832 | D:10     | Cast into level 1 of the Abyss (Erolcha)
  8862 | Abyss:1  | Noticed a large abomination
  8869 | Abyss:1  | Noticed a blizzard demon
  8884 | Abyss:1  | Noticed a cacodemon
  8888 | Abyss:1  | Gained mutation: You sometimes lose the ability to read
                  | scrolls when taking damage. [a cacodemon]
  8889 | Abyss:1  | HP: 3/74 [blizzard demon/bolt of cold (31)]
  8893 | Abyss:1  | Noticed a hellion
  8893 | Abyss:1  | Gained mutation: Your spells are a little harder to cast,
                  | but a little more powerful. [a cacodemon]
  8898 | Abyss:1  | Blown up by a cacodemon

Illustrated notes

Levels and vault maps discovered:
D:1:      nzn_arrival_depleted_hourglass, layout_loops_ring, serial_shops,
          nicolae_lakefront_shop, minmay_door_square, minmay_stone_trees_small,
          st_stairs_8
D:2:      layout_loops_ring, dilly_ecumenical_altar_fadedgnrine
D:4:      layout_cave_pools, gammafunk_ghost_grave, minmay_misc_feat_tower,
          st_stairs_8
D:5:      layout_loops_cross, serial_bayou_pond_d, uniq_prince_ribbit1
D:6:      layout_cave_pods, nemelex_dance_club_becter,
          minmay_temple_entry_statues_pillars
D:7:      layout_cave_pools, serial_shops, nicolae_shop_crystal
D:8:      layout_basic
D:9:      layout_roguey
D:10:     layout_stronghold, kennysheep_orc_monster_closet_entryway,
          serial_shops, shop, nicolae_square_shop, nicolae_shop_crystal, shop,
          ebering_ghost_xom, st_stairs_13, uniq_erolcha
Temple:   kilobyte_greek_temple
Abyss:1:  base:
D:8

Skill      XL: |  1  2  3  4  5  6  7  8  9 10 |
---------------+-------------------------------+-----
Spellcasting   | 5 6 7 |  7.5
Stealth        | 6 7 8 |  8.2
Invocations    | 1 2 3 4 5 6 |  6.1
Fighting       | 1 2 3 4 5 |  5.5
Long Blades    | 1 2 3 4 5 |  5.5
Axes           | 1 2 3 4 5 |  5.5
Maces & Flails | 1 2 3 4 5 |  5.5
Polearms       | 1 2 3 4 5 |  5.5
Staves         | 1 2 3 4 5 |  5.5
Slings         | 1 2 3 4 5 |  5.5
Bows           | 1 2 3 4 5 |  5.5
Crossbows      | 1 2 3 4 5 |  5.5
Throwing       | 1 2 3 4 5 |  5.5
Armour         | 1 2 3 4 5 |  5.5
Shields        | 1 2 3 4 5 |  5.5
Unarmed Combat | 1 2 3 4 5 |  5.5
Evocations     | 1 2 3 4 5 |  5.5
Conjurations   | 1 2 3 4 |  4.5
Summonings     | 1 2 3 4 |  4.5
Necromancy     | 1 2 3 4 |  4.5
Translocations | 1 2 3 4 |  4.5
Transmutations | 1 2 3 4 |  4.5
Fire Magic     | 1 2 3 4 |  4.5
Ice Magic      | 1 2 3 4 |  4.5
Air Magic      | 1 2 3 4 |  4.5
Earth Magic    | 1 2 3 4 |  4.5
Poison Magic   | 1 2 3 4 |  4.5
Short Blades   | 3 4 5 6 |  6.2
Dodging        | 5 6 7 |  7.3
Hexes          | 6 7 |  7.2

Action                   |  1- 3 |  4- 6 |  7- 9 | 10-12 || total
-------------------------+-------+-------+-------+-------++-------
Melee: Dagger            |   117 |    67 |   115 |    81 ||   380
       Bite              |    12 |     1 |     6 |     6 ||    25
       Punch             |       |     1 |       |     1 ||     2
 Cast: Corona            |     2 |       |       |     4 ||     6
       Ensorcelled Hiber |    12 |    14 |    70 |    25 ||   121
  Use: Scroll            |     3 |       |    11 |     3 ||    17
       Potion            |       |       |       |     2 ||     2
 Stab: Sleeping          |    12 |     9 |    52 |    25 ||    98
Armor: Robe              |    25 |    20 |    45 |    17 ||   107
Dodge: Dodged            |    73 |    45 |    82 |    43 ||   243
       Repelled          |       |       |     1 |     1 ||     2
